 Dungeon Crawl Stone Soup version 0.22.1-1-ga44c0e5 (webtiles) character file.

53932 marthius the Severer (level 14, -3/127 HPs)
             Began as a Hill Orc Fighter on Oct 18, 2018.
             Was a High Priest of Okawaru.
             Killed from afar by a fire giant (40 damage)
             ... with a fireball
             ... on level 1 of the Depths.
             The game lasted 02:00:15 (15378 turns).

marthius the Severer (Hill Orc Fighter)            Turns: 15378, Time: 02:00:16

Health: -3/127     AC: 17    Str: 23      XL:     14   Next: 70%
Magic:  19/19      EV: 29    Int:  9 (10) God:    Okawaru [*****.]
Gold:   735        SH: 19    Dex:  8      Spells: 13/13 levels left

rFire    . . .     SeeInvis +   I - +8 war axe (freeze)
rCold    . . .     Gourm    .   r - +0 large shield
rNeg     . . .     Faith    .   a - +1 leather armour of the Stallion {rElec Regen+ Dex-3 Slay+2}
rPois    .         Spirit   .   s - +0 helmet
rElec    +         Reflect  .   (no cloak)
rCorr    .         Harm     .   n - +2 pair of gloves
MR       +....                  H - +2 pair of boots
Stlth    ++........             k - amulet of the acrobat
HPRegen  0.71/turn              m - +5 ring of protection
MPRegen  0.16/turn              x - ring of see invisible

@: studying Long Blades
A: repulsion field 1, clever 1, deterioration 1
a: Heroism, Finesse, Renounce Religion


You were on level 1 of the Depths.
You worshipped Okawaru.
Okawaru was extremely pleased with you.
You were not hungry.

You visited 3 branches of the dungeon, and saw 17 of its levels.
You also visited: Sewer.

You collected 1320 gold pieces.
You spent 585 gold pieces at shops.

Inventory:

Hand Weapons
 i - a +1 glaive of protection
 w - a +1 battleaxe of flaming
 B - a +5 war axe of electrocution
 C - a +1 glaive of venom
 D - a +1 longbow of velocity
 I - a +8 war axe of freezing (weapon)
 P - a cursed +0 arbalest
 R - a +2 arbalest of freezing
 S - a +1 vampiric dagger
 T - a +2 demon trident of electrocution
 U - a +1 battleaxe of freezing
Missiles
 j - 27 tomahawks (quivered)
 L - 122 bolts
Armour
 a - the +1 leather armour of the Stallion (worn) {rElec Regen+ Dex-3 Slay+2}
   (You found it on level 4 of the Dungeon)

   It affects your dexterity (-3).
   It affects your accuracy and damage with ranged weapons and melee attacks
   (+2).
   It insulates you from electricity.
   It increases your rate of regeneration.
 c - +0 acid dragon scales
 n - a +2 pair of gloves (worn)
 o - a +2 cloak
 r - a +0 large shield (worn)
 s - a +0 helmet (worn)
 E - a scarf of cloud immunity
 F - a +0 cloak
 H - a +2 pair of boots (worn)
Jewellery
 k - an amulet of the acrobat (around neck)
 m - a +5 ring of protection (left hand)
 x - a ring of see invisible (right hand)
 W - an uncursed ring of poison resistance
Wands
 e - a wand of paralysis (11)
 v - a wand of flame (12)
 A - a wand of polymorph (12)
 O - a wand of enslavement (10)
 V - a wand of iceblast (11)
Scrolls
 d - 2 scrolls of identify
 h - 9 scrolls of remove curse
 y - a scroll of holy word
 z - 3 scrolls of fear
 K - 3 scrolls of teleportation
 M - 2 scrolls of amnesia
Potions
 g - 2 potions of magic
 l - a potion of invisibility
 p - 3 potions of flight
 q - a potion of cancellation {unknown}
 J - a potion of heal wounds
 N - a potion of lignification
 Q - 3 potions of curing
 Y - 3 potions of brilliance
Books
 u - a manual of Long Blades
Miscellaneous
 X - a fan of gales
Comestibles
 b - 6 chunks of flesh
 f - 17 rations


   Skills:
 + Level 12.5 Fighting
 + Level 17.0(17.4) Axes
   Level 5.8(11.3) Maces & Flails
 + Level 6.5 Armour
 + Level 8.2 Dodging
 + Level 3.8 Stealth
 + Level 13.6 Shields
 + Level 7.2 Invocations
 + Level 1.0 Evocations


You had 13 spell levels left.
You didn't know any spells.
Your spell library was empty.

Dungeon Overview and Level Annotations

Branches:
Dungeon (15/15)            Temple (1/1) D:6            Lair (0/6) D:11
    Orc (0/2) D:10         Depths (1/5) D:15
 Vaults: D:13-14

Altars:
Ashenzari
Cheibriados
Dithmenos
Elyvilon
Fedhas
Gozag
Hepliaklqana
Kikubaaqudgha
Okawaru
Qazlal
Ru
Uskayaw
Vehumet
Wu Jian
Xom
Yredelemnul
The Shining One
Beogh

Shops:
D:11 !}   D:15 *   Depths:1 *

Portals:
Pandemonium: Depths:1

Annotations:
D:11 exclusions: ice statue and obsidian statue, Fannar


Innate Abilities, Weirdness & Mutations

You are surrounded by a mild repulsion field. (EV +2)
Your mind is acute. (Int +2)
Your body sometimes deteriorates upon taking damage.


Message History

The yaktaur unwields an uncursed arbalest.
You block the yaktaur's attack.
The yaktaur wields an uncursed arbalest.
The yaktaur shoots a bolt.
You block the bolt.
You see here 2 bolts.
The yaktaur wields an uncursed arbalest.
The yaktaur shoots a bolt.
You block the bolt.
You see here a bolt.
The yaktaur shoots a bolt.
The bolt barely misses you.
Okay, then.
Evoke which item? (* to show all) (? for menu, Esc to quit)
You open the lid... ...and a larval stingox beast leaps out!
The now-empty box falls apart.
Your larval stingox beast barely misses the tengu warrior.
Your larval stingox beast stings the tengu warrior but does no damage.
Your larval stingox beast barely misses the tengu warrior.
The fire giant points at you and mumbles some strange words.
The fireball explodes!
The fireball engulfs you!
You die...

#..##....#...##........
#..##........##........
#..##..#.∩.#.##))......
#..##...(....##c)....##
#..##....#...##Q)(..##
#..##...(....##c.c..#
####..##.((.....##(...##
#.....##........##G...#
#.....##.)....@Cc.c..##
####............QH...#
#............##...#
#..##........##....#
#..##.....(..##...##
#..##........##...#
#..##........##...#
#..##........##...#
#..##........#


You could see a fire giant, a tengu warrior, a glowing orange brain, 2 yaktaurs
and a friendly larval stingox beast.

Vanquished Creatures
  A lich (Depths:1)
  Frances (D:13)
  A frost giant (Depths:1)
  A stone giant (Depths:1)
  The ghost of Loudmushroom the Cleaver, a journeyman GrFi of Okawaru (D:12)
  Nessos (D:15)
  A blizzard demon (Depths:1)
  A fire dragon (D:11)
  An ice dragon (Depths:1)
  2 vault guards
  4 centaur warriors
  A hydra (D:15)
  An ogre mage (Depths:1)
  5 two-headed ogres
  A soul eater (Depths:1)
  A sixfirhy (Depths:1)
  A storm dragon skeleton (D:15)
  3 unseen horrors
  An unseen horror (shapeshifter) (D:13)
  5 skeletal warriors (D:15)
  A gelid demonspawn (Depths:1)
  A phantasmal warrior (D:15)
  An orc knight (D:15)
  2 necromancers
  3 ugly things
  2 manticores
  A fire giant skeleton (D:15)
  5 cyclopes
  3 centaur zombies
  2 centaur skeletons
  15 yaktaurs
  3 kobold demonologists (D:12)
  An elf zombie (Depths:1)
  A freezing wraith (D:14)
  3 meliai (D:15)
  A meliai (shapeshifter) (D:12)
  A hornet (shapeshifter) (Depths:1)
  A wolf spider simulacrum (D:14)
  3 trolls
  A sphinx simulacrum (Depths:1)
  3 slime creatures
  2 deep troll zombies
  2 dream sheep (D:11)
  A hippogriff (D:7)
  Grinder (D:3)
  A spriggan zombie (D:15)
  Sigmund (D:2)
  3 shadows
  12 yaks
  2 ynoxinuls (Depths:1)
  A wraith (D:12)
  4 wyverns
  A human (D:9)
  A human (shapeshifter) (D:13)
  3 hungry ghosts
  A steam dragon (D:12)
  2 basilisks
  Menkaure (D:3)
  2 acid dragons (D:13)
  A soldier ant (D:11)
  Duvessa (D:7)
  2 hornet zombies
  A sky beast (D:11)
  11 orc warriors
  An eye of draining (D:12)
  2 black bears
  14 centaurs
  7 ogres
  12 big kobolds
  10 bullfrogs
  A water moccasin skeleton (D:8)
  The ghost of PeMo the Skirmisher, a weakling MiFi (D:3)
  Dowan (D:7)
  3 scorpions
  9 killer bees
  4 wights (D:13)
  6 electric eels (D:13)
  A bullfrog zombie (D:12)
  2 quasits
  6 hounds
  A bullfrog skeleton (D:9)
  12 orc priests
  2 iron imps (Depths:1)
  A human skeleton (D:9)
  2 iguanas
  8 orc wizards
  10 worker ants
  A bullfrog simulacrum (D:13)
  A hound zombie (D:3)
  A hound skeleton (D:8)
  2 howler monkey skeletons
  2 worker ant zombies
  7 gnolls
  A river rat (Sewer)
  8 adders
  2 shadow imps
  2 white imps (Depths:1)
  2 ufetubi (Depths:1)
  3 oozes
  5 worms
  3 dart slugs
  8 leopard geckos
  74 orcs
  5 giant cockroaches
  9 goblins
  11 hobgoblins
  8 jackals
  9 kobolds
  8 quokkas
  2 ball pythons
  9 bats
  4 frilled lizards
  A giant cockroach zombie (D:6)
  2 jackal skeletons
  A jackal zombie (D:9)
  A leopard gecko zombie (D:5)
  A quokka skeleton (D:3)
  10 rats
  A plant (D:11)
  A withered plant (D:15)
466 creatures vanquished.

Vanquished Creatures (others)
  2 orcs (D:12)
  2 fungi (D:12)
  2 plants (D:12)
  5 withered plants (D:15)
11 creatures vanquished.

Grand Total: 477 creatures vanquished

Notes
Turn   | Place    | Note
-------+----------+-------------------------------------------
     0 | D:1      | marthius the Hill Orc Fighter began the quest for the Orb.
     0 | D:1      | Reached XP level 1. HP: 19/19 MP: 1/1
    42 | D:1      | Reached XP level 2. HP: 26/27 MP: 2/2
   543 | D:1      | Reached XP level 3. HP: 30/33 MP: 3/3
  1024 | D:2      | Noticed Sigmund
  1142 | D:3      | Reached XP level 4. HP: 23/40 MP: 4/4
  1145 | D:3      | Noticed Grinder
  1188 | D:2      | Killed Sigmund
  1188 | D:2      | Reached skill level 1 in Dodging
  1188 | D:2      | Reached XP level 5. HP: 10/47 MP: 5/5
  1188 | D:2      | Reached XP level 6. HP: 12/53 MP: 6/6
  1701 | D:2      | Found a glowing golden altar of the Shining One.
  1812 | D:3      | Paralysed by Grinder for 5 turns
  1820 | D:3      | Paralysed by Grinder for 5 turns
  2124 | D:3      | Killed Grinder
  2124 | D:3      | Reached skill level 5 in Shields
  2124 | D:3      | Reached XP level 7. HP: 11/60 MP: 7/7
  2465 | D:3      | Found a runed door.
  2465 | D:3      | Noticed PeMo's ghost (weakling MiFi)
  2496 | D:3      | Killed PeMo's ghost
  2496 | D:3      | Reached skill level 5 in Fighting
  2689 | D:3      | Reached skill level 5 in Maces & Flails
  2755 | D:3      | Found a transporter.
  2760 | D:3      | Found a transporter.
  2775 | D:3      | Noticed Menkaure
  2775 | D:3      | Found an ancient bone altar of Kikubaaqudgha.
  2775 | D:3      | Found a basalt altar of Yredelemnul.
  2785 | D:3      | Killed Menkaure
  3141 | D:4      | Noticed a hungry ghost
  3177 | D:4      | Killed a hungry ghost
  3177 | D:4      | Reached skill level 5 in Armour
  3177 | D:4      | Reached XP level 8. HP: 62/69 MP: 8/8
  3361 | D:4      | Found a white marble altar of Elyvilon.
  3484 | D:4      | Got a faintly humming leather armour
  3516 | D:4      | Identified the +1 leather armour of the Stallion {rElec
                  | Regen+ Dex-3 Slay+2} (You found it on level 4 of the
                  | Dungeon)
  4093 | D:5      | Entered Level 5 of the Dungeon
  4103 | D:5      | Reached skill level 1 in Axes
  4174 | D:5      | Reached skill level 2 in Axes
  4273 | D:5      | Reached skill level 3 in Axes
  4384 | D:5      | Reached skill level 4 in Axes
  4731 | D:6      | Found a shadowy altar of Dithmenos.
  4848 | D:6      | Found a shattered altar of Ashenzari.
  4971 | D:6      | Found a glowing drain.
  4989 | Sewer    | Entered a sewer
  5049 | Sewer    | Reached skill level 5 in Axes
  5081 | Sewer    | Found a white marble altar of Elyvilon.
  5225 | D:6      | Reached XP level 9. HP: 68/75 MP: 9/9
  5355 | D:6      | Found a stormy altar of Qazlal.
  5359 | D:6      | Reached skill level 6 in Axes
  5399 | D:6      | Found a staircase to the Ecumenical Temple.
  5413 | Temple   | Entered the Ecumenical Temple
  5544 | Temple   | Became a worshipper of Warmaster Okawaru
  5709 | D:6      | Got a polished ring mail
  5710 | D:6      | Identified the cursed +1 ring mail "Qoamoum" {+Inv Dex-4
                  | SInv} (You found it on level 6 of the Dungeon)
  6291 | D:7      | Reached skill level 7 in Axes
  6291 | D:7      | Reached skill level 1 in Stealth
  6294 | D:7      | Found an ornate altar of the Wu Jian Council.
  6500 | D:7      | Reached skill level 8 in Axes
  6601 | D:7      | Noticed Dowan
  6604 | D:7      | Noticed Duvessa
  6605 | D:7      | Killed Dowan
  6614 | D:7      | Killed Duvessa
  6614 | D:7      | Reached * piety under Okawaru
  6789 | D:7      | Reached skill level 9 in Axes
  7174 | D:8      | Reached skill level 10 in Axes
  7299 | D:8      | Reached ** piety under Okawaru
  7299 | D:8      | Reached XP level 10. HP: 84/84 MP: 7/10
  7596 | D:9      | Found a runed door.
  7598 | D:9      | Found a basalt altar of Yredelemnul.
  7917 | D:9      | Reached skill level 1 in Invocations
  7939 | D:9      | Found a roughly hewn altar of Beogh.
  8032 | D:9      | Reached skill level 5 in Dodging
  8090 | D:9      | Reached skill level 11 in Axes
  8094 | D:9      | Reached *** piety under Okawaru
  8319 | D:10     | Entered Level 10 of the Dungeon
  8409 | D:10     | Noticed an unseen horror
  8422 | D:10     | Killed an unseen horror
  8559 | D:10     | Reached XP level 11. HP: 92/92 MP: 12/12
  8605 | D:10     | Found a white marble altar of Elyvilon.
  8688 | D:10     | Reached **** piety under Okawaru
  8693 | D:10     | Reached skill level 12 in Axes
  8703 | D:10     | Found a staircase to the Orcish Mines.
  8982 | D:11     | Got a slimy robe
  8984 | D:11     | Identified the +2 robe of Kuwkuboh {rElec rC+ MR+} (You
                  | found it on level 11 of the Dungeon)
  9043 | D:11     | Noticed an obsidian statue
  9133 | D:11     | Noticed Fannar
  9134 | D:11     | Noticed a cyclops
  9153 | D:11     | Found Koerghunk's Distillery.
  9263 | D:11     | Bought a potion of curing for 36 gold pieces
  9355 | D:11     | Noticed a fire dragon
  9366 | D:11     | Killed a fire dragon
  9366 | D:11     | Noticed a cyclops
  9375 | D:11     | Found a staircase to the Lair.
  9380 | D:11     | Killed a cyclops
  9622 | D:11     | Found Guthry Gyuri's Gadget Boutique.
  9636 | D:11     | Reached ***** piety under Okawaru
  9662 | D:11     | Bought a wand of paralysis (13) for 165 gold pieces
  9662 | D:11     | Bought a box of beasts for 220 gold pieces
  9720 | D:11     | Found a snail-covered altar of Cheibriados.
  9946 | D:11     | Reached skill level 13 in Axes
  9982 | D:11     | Noticed a three-headed hydra
 10158 | D:12     | Noticed an unseen horror
 10158 | D:12     | Noticed a manticore
 10171 | D:12     | Reached skill level 10 in Shields
 10188 | D:12     | Killed an unseen horror
 10191 | D:12     | Killed a manticore
 10229 | D:12     | Noticed a brown ugly thing
 10236 | D:12     | Noticed a white ugly thing
 10247 | D:12     | Killed a brown ugly thing
 10247 | D:12     | Reached skill level 1 in Evocations
 10247 | D:12     | Reached XP level 12. HP: 102/103 MP: 6/13
 10796 | D:12     | Received a gift from Okawaru
 10860 | D:12     | Found a runed gate.
 10862 | D:12     | Noticed Loudmushroom's ghost (journeyman GrFi)
 10863 | D:12     | Found a runed gate.
 10863 | D:12     | Found a runed gate.
 10933 | D:12     | Killed Loudmushroom's ghost
 11306 | D:12     | Reached skill level 14 in Axes
 11524 | D:12     | Gained mutation: Your body sometimes deteriorates upon
                  | taking damage. [potion of mutation]
 11524 | D:12     | Gained mutation: You are surrounded by a mild repulsion
                  | field. (EV +2) [potion of mutation]
 11524 | D:12     | Gained mutation: Your mind is acute. (Int +2) [potion of
                  | mutation]
 11633 | D:13     | Noticed Frances
 11647 | D:13     | Killed Frances
 11738 | D:13     | Received a gift from Okawaru
 11931 | D:13     | Reached skill level 15 in Axes
 12105 | D:13     | Reached XP level 13. HP: 111/113 MP: 16/16
 12485 | D:13     | Noticed a vault guard
 12502 | D:13     | Killed a vault guard
 12502 | D:13     | Reached skill level 10 in Fighting
 12502 | D:13     | Noticed a vault guard
 12504 | D:13     | Noticed a vault guard
 12506 | D:13     | Noticed a vault guard
 12508 | D:13     | Noticed a vault guard
 12509 | D:13     | Noticed a vault guard
 12608 | D:14     | Killed a vault guard
 12891 | D:14     | You fall through a shaft!
 12891 | D:15     | Entered Level 15 of the Dungeon
 12915 | D:15     | Noticed Nessos
 12935 | D:15     | Killed Nessos
 13145 | D:15     | Found Estoxt's Eclectic Emporium.
 13173 | D:15     | Bought a scroll of enchant armour for 82 gold pieces
 13173 | D:15     | Bought a scroll of enchant weapon for 82 gold pieces
 13175 | D:15     | Identified a scroll of acquirement
 13377 | D:15     | Received a gift from Okawaru
 13377 | D:15     | Reached skill level 16 in Axes
 13575 | D:15     | Found a staircase to the Depths.
 13603 | D:15     | Reached skill level 5 in Invocations
 14098 | D:15     | Received a gift from Okawaru
 14383 | Depths:1 | Entered Level 1 of the Depths
 14420 | Depths:1 | Reached XP level 14. HP: 113/124 MP: 11/18
 14726 | Depths:1 | Found a one-way gate leading to the halls of Pandemonium.
 14831 | Depths:1 | Noticed a stone giant
 14845 | Depths:1 | Killed a stone giant
 14884 | Depths:1 | Noticed a frost giant
 14903 | Depths:1 | Killed a frost giant
 15070 | Depths:1 | HP: 1/126 [fire dragon/blast of flame[a glowing orange
                  | brain] (16)]
 15221 | Depths:1 | Found Ruheoph's Demolitions Depot.
 15250 | Depths:1 | Noticed a lich
 15290 | Depths:1 | Killed a lich
 15355 | Depths:1 | Noticed a fire giant
 15356 | Depths:1 | Reached skill level 17 in Axes
 15378 | Depths:1 | Killed from afar by a fire giant

Skill      XL: |  1  2  3  4  5  6  7  8  9 10 11 12 13 14 |
---------------+-------------------------------------------+-----
Fighting       | 4 5 6 7 8 9 11 12 | 12.5
Maces & Flails | 3 4 5 |  5.8
Armour         | 4 5 6 |  6.5
Dodging        | 1 2 3 5 6 7 8 |  8.2
Shields        | 4 5 6 7 8 10 11 12 13 | 13.6
Axes           | 5 10 11 13 15 16 17 | 17.0
Stealth        | 1 2 3 |  3.8
Invocations    | 1 2 4 5 7 |  7.2
Evocations     | 1 |  1.0

Action                   |  1- 3 |  4- 6 |  7- 9 | 10-12 | 13-15 || total
-------------------------+-------+-------+-------+-------+-------++-------
Melee: Flail             |   129 |   103 |   143 |       |       ||   375
       War axe           |       |       |   233 |   631 |   456 ||  1320
Throw: Tomahawk          |     1 |       |       |       |       ||     1
Invok: Heroism           |       |       |     1 |    15 |    13 ||    29
       Finesse           |       |       |       |     4 |     9 ||    13
Evoke: Fan of gales      |       |       |       |     1 |       ||     1
       Wand              |       |       |       |     2 |       ||     2
       Box of beasts     |       |       |       |     1 |     1 ||     2
  Use: Potion            |       |     1 |     9 |    10 |       ||    20
       Scroll            |       |       |    19 |    19 |     7 ||    45
 Stab: Sleeping          |       |       |       |     1 |     2 ||     3
  Eat: Chunk             |       |     1 |     4 |    11 |     4 ||    20
       Ration            |       |     1 |     6 |     2 |     2 ||    11
Armor: Scale mail        |    48 |    41 |    54 |       |       ||   143
       Leather armour    |       |       |    68 |   109 |    87 ||   264
Dodge: Dodged            |    53 |    49 |   158 |   169 |   144 ||   573
Block: Shield            |    71 |    76 |   178 |       |       ||   325
       Large shield      |       |       |    24 |   439 |   343 ||   806
